 Dungeon Crawl Stone Soup version 0.23.2 (webtiles) character file.

Game seed: 14218575538355544297

44 Fang the Skirmisher (level 3, 0/24 HPs)
             Began as a Gargoyle Berserker on Apr 5, 2019.
             Was a Believer of Trog.
             Shot with an arrow by a centaur (5 damage)
             ... on level 2 of the Dungeon.
             The game lasted 00:02:03 (1097 turns).

Fang the Skirmisher (Gargoyle Berserker)            Turns: 1097, Time: 00:02:03

Health: 0/24       AC: 12    Str: 21    XL:     3   Next: 62%
Magic:  3/3        EV:  8    Int:  7    God:    Trog [**....]
Gold:   69         SH:  0    Dex:  9    Spells: 2/2 levels left

rFire    . . .     SeeInvis .   a - +0 hand axe
rCold    . . .     Gourm    .   (no shield)
rNeg     + . .     Faith    .   b - +0 chain mail
rPois    ∞         Spirit   .   (no helmet)
rElec    +         Reflect  .   (no cloak)
rCorr    .         Harm     .   (no gloves)
MR       .....                  (no boots)
Stlth    ..........             (no amulet)
HPRegen  0.08/turn              (no ring)
MPRegen  0.08/turn              (no ring)

@: no status effects
A: negative energy resistance 1, electricity resistance, unbreathing,
petrification resistance, rot immunity, AC +3
a: Berserk, Trog's Hand, Renounce Religion


You were on level 2 of the Dungeon.
You worshipped Trog.
Trog was pleased with you.
You were not hungry.

You visited 1 branch of the dungeon, and saw 2 of its levels.

You collected 69 gold pieces.

Inventory:

Hand Weapons
 a - a +0 hand axe (weapon)
Armour
 b - a +0 chain mail (worn)
Scrolls
 e - a scroll of identify {unknown}
Potions
 d - a potion of haste {unknown}
 f - a potion of heal wounds {unknown}
Comestibles
 c - 3 rations
 h - 8 chunks of flesh


   Skills:
 + Level 3.7 Fighting
 + Level 3.1 Axes
 + Level 2.7 Armour
 + Level 2.1 Dodging


You had 2 spell levels left.
You didn't know any spells.
Your spell library was empty.

Dungeon Overview and Level Annotations

Branches:
Dungeon (2/15)

Altars:


Innate Abilities, Weirdness & Mutations

You are resistant to torment.
Your stone body is resilient. (AC +3)
You are immune to poison.
You resist negative energy. (rN+)
You are resistant to electric shocks. (rElec)
You can survive without breathing.
You are immune to petrification.
You are immune to rotting.


Message History

You are too injured to fight recklessly!
You are too injured to fight recklessly!
You are too injured to fight recklessly!
You are too injured to fight recklessly!
You are too injured to fight recklessly!
You are too injured to fight recklessly!
You are too injured to fight recklessly!
You are too injured to fight recklessly!
You are too injured to fight recklessly!
You are too injured to fight recklessly!
You are too injured to fight recklessly!
You are too injured to fight recklessly!
You are too injured to fight recklessly!
You closely miss the adder. The adder closely misses you.
The centaur shoots an arrow.
The arrow hits you but does no damage. The adder closely misses you.
You closely miss the adder.
The centaur shoots an arrow.
The arrow hits you.
* * * LOW HITPOINT WARNING * * *
The adder barely misses you.
The centaur shoots an arrow.
The arrow hits you.
You die...

..#c ....# #........#
#........# #........# ..
#........# ..#
#........##.
...########...#.......
.#............@S...# ###.
...........#..####....#..
..............##### ...
###...............###.##.
.......÷÷(............#
.##
.......†(.............##
..##
.........((####........#
..###
...........##........#
#....
>..##.........#......###
#....


You could see a centaur and an adder.

Vanquished Creatures
  An ooze (D:2)
  A leopard gecko (D:1)
  4 bats
  3 giant cockroaches (D:1)
  6 goblins (D:1)
  9 hobgoblins
  A frilled lizard (D:2)
  6 kobolds
  A rat (D:1)
32 creatures vanquished.

Notes
Turn   | Place    | Note
-------+----------+-------------------------------------------
     0 | D:1      | Fang the Gargoyle Berserker began the quest for the Orb.
     0 | D:1      | Reached XP level 1. HP: 14/14 MP: 1/1
   187 | D:1      | Reached XP level 2. HP: 13/19 MP: 2/2
   632 | D:1      | Reached XP level 3. HP: 23/23 MP: 3/3
   709 | D:1      | Reached ** piety under Trog
  1093 | D:2      | Noticed a centaur
  1097 | D:2      | Shot with an arrow by a centaur

Skill      XL: |  1  2  3 |
---------------+----------+-----
Axes           | 3 |  3.1
Dodging        | 2 |  2.1
Fighting       | |  3.7
Armour         | |  2.7

Action                   || total
-------------------------++-------
Melee: Hand axe          ||    92
Invok: Berserk           ||     1
 Stab: Sleeping          ||     1
  Eat: Chunk             ||     2
Armor: Animal skin       ||    32
       Chain mail        ||    22
Dodge: Dodged            ||    78
